[Event "ICC tourney 2029 (45 10)"]
[Site "Internet Chess Club"]
[Date "2020.10.03"]
[Round "2"]
[White "jairam09"]
[Black "ASharikov"]
[Result "1/2-1/2"]
[ICCResult "Game drawn by mutual agreement"]
[WhiteElo "1818"]
[BlackElo "2267"]
[Opening "Queen's pawn: Torre attack"]
[ECO "A46"]
[NIC "QP.04"]
[Time "13:32:34"]
[TimeControl "2700+10"]

1. d4 Nf6 2. Nf3 e6 3. Bg5 c5 4. e3 d5 5. c3 Be7 6. Bd3 b6 7. Nbd2 O-O 8.
O-O Ba6 9. Bxa6 Nxa6 10. Re1 h6 11. Bf4 Nh5 12. Be5 f6 13. Bg3 Nxg3 14. hxg3
cxd4 15. exd4 Nc7 16. Qc2 Qe8 17. Nh4 g5 18. Ng6 Rf7 19. Nxe7+ Rxe7 20. Nf3
Kg7 21. Re3 Nb5 22. Rae1 Nd6 23. Qe2 Kf7 24. Nd2 Rc8 25. Qh5+ Kg7 26. Qe2
Kf7 27. Qh5+ Kg7 28. Qe2 Qa4 29. a3 Rce8 30. g4 Qc2 31. Nf1 Qxe2 32. R3xe2
Nc4 33. Ne3 Nxe3 34. Rxe3 b5 35. Kf1 a5 36. Ke2 Rc7 37. Kd2 Rc6 38. f3 Rb6
39. Kc2 Kf7 40. Rh1 Rh8 41. Re2 Rc6 42. Kd3 Kg6 43. Rhe1 Kf7 44. Rh1 Rb6 45.
Kc2 b4 46. axb4 axb4 47. Ra1 Rhb8 48. Ra7+ Kg6 49. Kd3 bxc3 50. bxc3 Rc8 51.
Rea2 Rcc6 52. Re7 Ra6 53. Rb2 Rcb6 54. Re2 Rc6 55. Rb2 Rcb6 56. Re2 h5 57.
gxh5+ Kxh5 58. g4+ Kh4 59. Rf7 Rc6 60. Rxf6 Kg3 61. Re1 Ra3 62. Rc1 Ra2 63.
Rg1+ Kf2 64. Rh1 Kg2 65. Re1 Ra3 66. Rc1 Kg3 67. Rg1+ Kf2 68. Rc1 Kg2 69.
Rc2+ Kg3 70. Rc1 Ra2 71. Rg1+ Kf2 72. Rh1 Kg2 73. Re1 Rf2 74. Re3 Ra6 75.
Re2 Rxe2 76. Kxe2 {Game drawn by mutual agreement} 1/2-1/2

[Event "ICC tourney 2029 (45 10)"]
[Site "Internet Chess Club"]
[Date "2020.10.03"]
[Round "2"]
[White "nnrs"]
[Black "Brian6712"]
[Result "0-1"]
[ICCResult "White checkmated"]
[WhiteElo "1585"]
[BlackElo "2057"]
[Opening "Grünfeld: exchange variation"]
[ECO "D87"]
[NIC "GI.04"]
[Time "13:32:22"]
[TimeControl "2700+10"]

1. d4 Nf6 2. c4 g6 3. Nc3 d5 4. cxd5 Nxd5 5. e4 Nxc3 6. bxc3 Bg7 7. Be3 c5
8. Bc4 Nc6 9. Ne2 O-O 10. O-O Qc7 11. dxc5 Rd8 12. Qc2 Ne5 13. Bb3 Ng4 14.
Bf4 Qxc5 15. Rad1 Bd7 16. Rd5 Qb6 17. h3 Nf6 18. Be3 Qc7 19. Rc5 Bc6 20. Nd4
Nd7 21. Bxf7+ Kh8 22. Ne6 Qc8 23. Bd4 Bxd4 24. cxd4 Rf8 25. Nxf8 Qxf8 26.
Rxc6 bxc6 27. Qxc6 Nb6 28. Qe6 Qg7 29. Qe5 Qxe5 30. dxe5 Rc8 31. Rd1 Kg7 32.
Bd5 Rc2 33. Bb3 Rc5 34. f4 h5 35. g4 hxg4 36. hxg4 g5 37. f5 Rxe5 38. Rd4
Rc5 39. Kf2 Kf6 40. Ke3 Ke5 41. Rd8 Rc3+ 42. Kf2 Kxe4 43. Rb8 Rc7 44. Rf8
Kf4 45. Bd1 Nd7 46. Rf7 Ne5 47. Rf8 Nxg4+ 48. Ke1 Nf6 49. Rh8 Kxf5 50. Bb3
g4 51. Kf2 Rd7 52. Ra8 Kf4 53. Bc4 g3+ 54. Kg2 Rd2+ 55. Kg1 Rd7 56. a4 Kf3
57. a5 Rd1+ 58. Bf1 g2 59. Rg8 gxf1=Q+ 60. Kh2 Qh1# {White checkmated} 0-1

[Event "ICC tourney 2029 (45 10)"]
[Site "Internet Chess Club"]
[Date "2020.10.03"]
[Round "2"]
[White "Zuiopal"]
[Black "liuchess"]
[Result "0-1"]
[ICCResult "White resigns"]
[WhiteElo "1704"]
[BlackElo "1732"]
[Opening "QGD: Tarrasch defense"]
[ECO "D32"]
[NIC "TD.10"]
[Time "13:32:24"]
[TimeControl "2700+10"]

1. d4 e6 2. c4 d5 3. Nc3 c5 4. e3 Nf6 5. Nf3 Nc6 6. Be2 Be7 7. O-O a6 8. b3
O-O 9. Bb2 cxd4 10. exd4 Qc7 11. cxd5 exd5 12. h3 Bf5 13. a3 Qb6 14. b4 Rac8
15. Na4 Qc7 16. Rc1 Qf4 17. Nc3 Rfe8 18. Bd3 Be4 19. Ne2 Qh6 20. Bxe4 Nxe4
21. Nc3 Nxc3 22. Bxc3 Bd6 23. Bd2 Qf6 24. Be3 h6 25. Qd3 Rc7 26. Rc3 Rce7
27. Rfc1 Bf4 28. Re1 Re4 29. Qd2 Bd6 30. Rd3 Qe7 31. Kf1 f5 32. Qc1 a5 33.
b5 Na7 34. a4 Nc8 35. Nd2 Re6 36. Nb3 Bb4 37. Red1 Nb6 38. Bd2 Nxa4 39. Nxa5
Bxd2 40. Qxd2 Nb2 41. Re3 Nxd1 42. Rxe6 Qxe6 43. Qxd1 Qb6 44. Qa4 Ra8 45.
Nc4 Qd8 46. Qb4 dxc4 47. Qxc4+ Kh7 48. Qc5 Qd7 49. Ke2 Re8+ 50. Kd3 Qe6 51.
f3 Qe2+ 52. Kc3 Qe1+ 53. Kc4 Qc1+ 54. Kd5 Rd8+ 55. Ke5 Qe3+ 56. Kxf5 Qxd4
57. Qb6 Qxb6 {White resigns} 0-1

[Event "ICC tourney 2029 (45 10)"]
[Site "Internet Chess Club"]
[Date "2020.10.03"]
[Round "2"]
[White "gsmenon"]
[Black "TheDude865"]
[Result "0-1"]
[ICCResult "White checkmated"]
[WhiteElo "1855"]
[BlackElo "1331"]
[Opening "Neo-Grünfeld, 6.O-O, main line"]
[ECO "D79"]
[NIC "GI.02"]
[Time "13:32:14"]
[TimeControl "2700+10"]

1. Nf3 Nf6 2. g3 g6 3. Bg2 Bg7 4. d4 O-O 5. O-O d5 6. c4 c6 7. cxd5 cxd5 8.
Nc3 Nc6 9. Bf4 Bf5 10. Rc1 Ne4 11. Nb5 Qb6 12. a4 Rac8 13. Be3 a6 14. Nc3
Nxc3 15. bxc3 Be4 16. c4 e6 17. c5 Qb2 18. Nd2 Bxg2 19. Kxg2 Bxd4 20. Rb1
Qa3 21. Rxb7 Bxe3 22. Rb3 Qxc5 23. Rxe3 a5 24. Rb3 Nb4 25. Qa1 Rfe8 26. h4
e5 27. h5 d4 28. hxg6 Qd5+ 29. f3 fxg6 30. Rh1 Rc2 31. Rb2 Rec8 32. Ne4 Qe6
33. Rxh7 Qa6 34. Rxc2 Rxc2 35. Qh1 Qxe2+ 36. Kh3 Kxh7 37. Kg4+ Qh2 38. Qxh2+
Rxh2 39. Nf6+ Kg7 40. Nd7 Re2 41. Nc5 d3 42. Nxd3 Nxd3 43. Kg5 Ra2 44. g4
Rxa4 45. f4 Rxf4 46. Kh4 Rxg4+ 47. Kxg4 a4 48. Kg5 a3 49. Kg4 a2 50. Kg5
a1=Q 51. Kg4 Qd1+ 52. Kg5 Qh5# {White checkmated} 0-1

[Event "ICC tourney 2029 (45 10)"]
[Site "Internet Chess Club"]
[Date "2020.10.03"]
[Round "2"]
[White "awakeflood"]
[Black "StayCalm"]
[Result "0-1"]
[ICCResult "White resigns"]
[WhiteElo "1776"]
[BlackElo "2162"]
[Opening "Sicilian: Najdorf"]
[ECO "B90"]
[NIC "SI.14"]
[Time "13:32:35"]
[TimeControl "2700+10"]

1. e4 c5 2. Nf3 d6 3. d4 cxd4 4. Nxd4 Nf6 5. Nc3 a6 6. f3 e5 7. Nb3 Be7 8.
Be3 Be6 9. Qd2 O-O 10. O-O-O Nbd7 11. g4 b5 12. Nd5 Bxd5 13. exd5 Nb6 14.
Bxb6 Qxb6 15. g5 Nh5 16. h4 a5 17. Kb1 Nf4 18. Nc1 Rfc8 19. Ne2 Nxe2 20.
Bxe2 b4 21. h5 Rc3 22. g6 h6 23. gxf7+ Kf8 24. Rhg1 Re3 25. Bb5 Bg5 26. Be8
Rc8 27. Rxg5 hxg5 28. h6 gxh6 29. Qh2 Rxe8 30. fxe8=Q+ Kxe8 31. Qxh6 Qd8 32.
Qh5+ Kd7 33. Qg4+ Kc7 34. b3 Rc3 35. Rd3 Rc5 36. Kb2 Kb6 37. Qe4 Qc7 38. Qe3
Kb7 39. Qe2 Qf7 40. Qe4 Qf4 41. Qh7+ Rc7 42. Qg6 Qg3 43. Qxd6 Qf2 44. Rc3
bxc3+ 45. Ka3 Qc5+ {White resigns} 0-1

[Event "ICC tourney 2029 (45 10)"]
[Site "Internet Chess Club"]
[Date "2020.10.03"]
[Round "2"]
[White "tigertiger2019"]
[Black "DanielA1926"]
[Result "1-0"]
[ICCResult "Black checkmated"]
[WhiteElo "1670"]
[BlackElo "1514"]
[Opening "English opening"]
[ECO "A30"]
[NIC "QP.11"]
[Time "13:32:30"]
[TimeControl "2700+10"]

1. Nf3 Nf6 2. c4 c5 3. e3 Nc6 4. d4 cxd4 5. exd4 d5 6. Nc3 dxc4 7. Bxc4 Bg4
8. d5 Bxf3 9. Qxf3 Ne5 10. Bb5+ Ned7 11. O-O g6 12. Bf4 Bg7 13. d6 O-O 14.
dxe7 Qxe7 15. Qxb7 Qb4 16. Qc7 Rfc8 17. Qd6 Qxb2 18. Bxd7 Nxd7 19. Qxd7 Rxc3
20. Qd5 Rac8 21. Rab1 Qa3 22. Rb7 Qf8 23. Bd6 Rd8 24. Bxf8 Rxd5 25. Bb4 Rc8
26. Rxa7 Rdd8 27. Be7 Re8 28. Rd1 Bd4 29. Rd7 Bb6 30. g3 Rc2 31. a3 Bxf2+
32. Kh1 Bb6 33. Bb4 Rf2 34. R7d2 Ree2 35. Rxe2 Rxe2 36. Rb1 Bd4 37. Re1 Ra2
38. Rd1 Bb2 39. Rd2 Ra1+ 40. Kg2 Bxa3 41. Rd8+ Kg7 42. Bc3+ f6 43. Bxa1 Be7
44. Rd7 Kf8 45. Kf3 Ke8 46. Ra7 Kf7 47. Bd4 Kf8 48. Ke4 Ke8 49. Kd5 g5 50.
Ke6 h5 51. Ra8+ Bd8 52. Bxf6 Kf8 53. Rxd8# {Black checkmated} 1-0

[Event "ICC tourney 2029 (45 10)"]
[Site "Internet Chess Club"]
[Date "2020.10.03"]
[Round "2"]
[White "tcao"]
[Black "joeandjoe56"]
[Result "1-0"]
[ICCResult "Black resigns"]
[WhiteElo "2065"]
[BlackElo "1764"]
[Opening "Giuoco Piano"]
[ECO "C50"]
[NIC "IG.02"]
[Time "13:32:20"]
[TimeControl "2700+10"]

1. e4 e5 2. Nf3 Nc6 3. Bc4 Bc5 4. O-O Nf6 5. d3 d6 6. c3 a6 7. b4 Ba7 8.
Nbd2 O-O 9. a4 Ne7 10. Bb3 Ng6 11. h3 Qe7 12. Re1 Nh5 13. Nf1 Nhf4 14. Ng3
Qf6 15. Nh5 Nxh5 16. Bg5 Nhf4 17. Bxf6 gxf6 18. d4 Kg7 19. Qc2 Bd7 20. Rad1
Rfe8 21. a5 Rad8 22. d5 Rg8 23. Kh1 Kf8 24. Rg1 Ke7 25. c4 Rg7 26. c5 Rdg8
27. cxd6+ cxd6 28. Qc7 Bxf2 29. Ba4 Rd8 30. Rgf1 Be3 31. Rde1 Bd4 32. Nxd4
exd4 33. Qxb7 d3 34. Bxd7 Rxd7 35. Qxa6 Ne2 36. Rxe2 dxe2 37. Qxe2 Ne5 38.
b5 Rb7 39. a6 Rb6 40. Rc1 Rg8 41. Rc7+ Nd7 42. a7 Ra8 43. Qg4 Rd8 44. a8=Q
Rxa8 45. Qxd7+ {Black resigns} 1-0

[Event "ICC tourney 2029 (45 10)"]
[Site "Internet Chess Club"]
[Date "2020.10.03"]
[Round "2"]
[White "landonp"]
[Black "Wushukyle"]
[Result "0-1"]
[ICCResult "White resigns"]
[WhiteElo "1345"]
[BlackElo "1680"]
[Opening "Scandinavian defense"]
[ECO "B01"]
[NIC "SD.03"]
[Time "13:32:17"]
[TimeControl "2700+10"]

1. e4 d5 2. exd5 Nf6 3. Nf3 Nxd5 4. Bc4 g6 5. O-O Bg7 6. Nc3 Nb6 7. Bb3 c5
8. d3 O-O 9. h3 Nc6 10. Bf4 Nd4 11. Nxd4 cxd4 12. Ne4 Bd7 13. Re1 Bc6 14.
Qd2 Nd5 15. Bh6 Re8 16. Bxg7 Kxg7 17. Qg5 Rc8 18. Qh4 Nf6 19. Ng5 Bd5 20.
Qxd4 e5 21. Rxe5 Rxe5 22. Qxe5 Bxb3 23. cxb3 Qxd3 24. Qe7 Qd5 25. Nf3 Rc2
26. Rb1 Qc6 27. Qe3 Qa6 28. a3 Re2 29. Qc3 Qb6 30. Nd4 Rxf2 31. Rf1 Rxf1+
32. Kxf1 Qa6+ 33. Ke1 Qd6 34. Nf3 Qg3+ 35. Kf1 h6 36. Qb4 Qc7 37. Qc4 Qd6
38. Qd4 Qxd4 39. Nxd4 Nd5 40. Ke2 Kf6 41. Nb5 a6 42. Nd6 b5 43. Ne4+ Ke5 44.
Nc5 Nc7 45. Ke3 f5 46. Nd3+ Kf6 47. Kd4 Ne6+ 48. Kd5 g5 49. Kc6 f4 50. Kb6
h5 51. Kxa6 g4 52. hxg4 h4 53. Kxb5 Kg5 54. Nf2 Nd4+ 55. Kc4 f3 56. Ne4+ Kf4
57. gxf3 Ne6 58. b4 Kxf3 59. Nd2+ Kg2 60. b5 h3 61. b6 Nd8 62. g5 h2 63. g6
h1=Q 64. g7 Qh4+ 65. Kc3 Qg3+ 66. Kc2 Qxg7 {White resigns} 0-1

[Event "ICC tourney 2029 (45 10)"]
[Site "Internet Chess Club"]
[Date "2020.10.03"]
[Round "2"]
[White "peekaboopenguin"]
[Black "tcrgm"]
[Result "1-0"]
[ICCResult "Black checkmated"]
[WhiteElo "1707"]
[BlackElo "1593"]
[Opening "French: exchange variation"]
[ECO "C01"]
[NIC "FR.01"]
[Time "13:32:21"]
[TimeControl "2700+10"]

1. e4 e6 2. d4 d5 3. exd5 exd5 4. Bd3 Bd6 5. Nf3 Nf6 6. O-O O-O 7. Re1 Nc6
8. c3 Bg4 9. Bg5 h6 10. Bh4 Be7 11. Nbd2 Re8 12. h3 Be6 13. Ne5 Nxe5 14.
dxe5 Nd7 15. Bg3 Bh4 16. Bf4 Bg5 17. Qf3 Nc5 18. Bc2 Qe7 19. Qe3 Bxf4 20.
Qxf4 Rad8 21. Nf3 Qd7 22. Nd4 Na6 23. Rad1 c5 24. Nxe6 Qxe6 25. Bf5 Qb6 26.
b3 Nc7 27. Re3 Ne6 28. Qh4 Ng5 29. f4 c4 30. Re1 Ne4 31. Bxe4 dxe4 32. Kh2
Rd2 33. Rxe4 Rxa2 34. b4 Qe6 35. Qh5 Rc2 36. f5 Qc6 37. Rg4 Rxc3 38. f6 Kf8
39. Rxg7 Rc2 40. Rg8+ Kxg8 41. Qg4+ Kf8 42. Qg7# {Black checkmated} 1-0

[Event "ICC tourney 2029 (45 10)"]
[Site "Internet Chess Club"]
[Date "2020.10.03"]
[Round "2"]
[White "psampat"]
[Black "Slivovitz"]
[Result "1/2-1/2"]
[ICCResult "Black stalemated"]
[WhiteElo "1876"]
[BlackElo "2091"]
[Opening "French: Winawer, Petrosian variation"]
[ECO "C16"]
[NIC "FR.09"]
[Time "13:32:32"]
[TimeControl "2700+10"]

1. e4 e6 2. d4 d5 3. Nc3 Bb4 4. e5 Qd7 5. a3 Bf8 6. Nf3 b6 7. Be3 Ba6 8.
Bxa6 Nxa6 9. Qd3 Nb8 10. O-O Ne7 11. Ne2 Nbc6 12. c4 dxc4 13. Qxc4 Na5 14.
Qc2 Nd5 15. b4 Nc6 16. Rac1 Nce7 17. Nf4 Nxf4 18. Bxf4 Nd5 19. Be3 Be7 20.
Bg5 Bxg5 21. Nxg5 h6 22. Ne4 a5 23. Rfd1 axb4 24. axb4 O-O 25. Qe2 f5 26.
exf6 Nxf6 27. Nxf6+ Rxf6 28. Qe5 c6 29. Qe4 Qd5 30. Qc2 Ra2 31. Qxc6 Rfxf2
32. Qxd5 exd5 33. Rc6 Rxg2+ 34. Kh1 Rxh2+ 35. Kg1 Rag2+ 36. Kf1 h5 37. Rd3
Rc2 38. Rxc2 Rxc2 39. Re3 Rd2 40. Re6 Rxd4 41. Rxb6 Kf7 42. Ke2 Re4+ 43. Kf3
Re6 44. Rb7+ Kf6 45. b5 d4 46. Rd7 Rb6 47. Rd5 g6 48. Ke4 h4 49. Kxd4 g5 50.
Kc5 Rb8 51. Rd6+ Kf5 52. Kc6 h3 53. Rh6 g4 54. b6 Kf4 55. Kc7 Rxb6 56. Kxb6
Kg3 57. Kc5 Kg2 58. Kd4 g3 59. Ke3 Kh2 60. Rg6 g2 61. Kf2 Kh1 62. Rg3 h2 63.
Rxg2 {Black stalemated} 1/2-1/2

[Event "ICC tourney 2029 (45 10)"]
[Site "Internet Chess Club"]
[Date "2020.10.03"]
[Round "2"]
[White "Sricharan07"]
[Black "aauman"]
[Result "1-0"]
[ICCResult "Black resigns"]
[WhiteElo "1901"]
[BlackElo "1546"]
[Opening "Caro-Kann: advance variation"]
[ECO "B12"]
[NIC "CK.02"]
[Time "13:32:45"]
[TimeControl "2700+10"]

1. e4 c6 2. d4 d5 3. e5 c5 4. dxc5 e6 5. Be3 Nd7 6. Bb5 a6 7. Bxd7+ Bxd7 8.
a3 Ne7 9. Nf3 Nf5 10. Bd4 Nxd4 11. Qxd4 Rc8 12. O-O Bxc5 13. Qf4 O-O 14. c3
Be7 15. Nd4 Bg5 16. Qg3 Bh6 17. b4 Qg5 18. Qxg5 Bxg5 19. f4 Be7 20. Rf3 f6
21. Ra2 fxe5 22. fxe5 Rxf3 23. gxf3 Bg5 24. Re2 Bf4 25. Kf2 Bxh2 26. Nb3 Bb5
27. Re1 Bf4 28. Nc5 Bg5 29. Kg3 Kf7 30. Nxb7 Be7 31. Re3 Rc7 32. Na5 h5 33.
f4 Kg6 34. Nb3 Kh6 35. Nd4 h4+ 36. Kg4 Be8 37. Nxe6 Bd7 38. f5 Rc4+ 39. Nd4
g6 40. e6 gxf5+ 41. Kxf5 Be8 42. Nd2 Bg6+ 43. Ke5 Rc8 44. Kxd5 Bg5 45. Re2
Rd8+ 46. Kc6 Bd3 47. Rg2 Bf4 48. e7 Re8 49. Kd7 Ra8 50. e8=Q Rxe8 51. Kxe8
Kh5 52. N2f3 Be4 53. Rg1 Be3 54. Rh1 Bg5 55. Rxh4+ Bxh4 56. Nxh4 Kxh4 57.
Kd7 Kg5 58. Kd6 Kf6 59. c4 Bd3 60. c5 Kf7 61. c6 Ke8 62. c7 {Black resigns}
1-0

[Event "ICC tourney 2029 (45 10)"]
[Site "Internet Chess Club"]
[Date "2020.10.03"]
[Round "3"]
[White "StayCalm"]
[Black "IndianTerritory"]
[Result "1/2-1/2"]
[ICCResult "Game drawn by mutual agreement"]
[WhiteElo "2149"]
[BlackElo "2004"]
[Opening "Old Benoni defense"]
[ECO "A43"]
[NIC "OI.09"]
[Time "16:02:01"]
[TimeControl "2700+10"]

1. d4 c5 2. d5 d6 3. e4 Nf6 4. Nc3 g6 5. Nf3 Bg7 6. h3 O-O 7. Bd3 Qb6 8. O-O
e6 9. Nd2 exd5 10. exd5 Nbd7 11. Nc4 Qc7 12. Nb5 Qb8 13. Nbxd6 b5 14. Nxc8
Rxc8 15. Na5 Qb6 16. Nc6 Nxd5 17. Be4 N7f6 18. Bxd5 Nxd5 19. Qxd5 Qxc6
{Game drawn by mutual agreement}
1/2-1/2

[Event "ICC tourney 2029 (45 10)"]
[Site "Internet Chess Club"]
[Date "2020.10.03"]
[Round "3"]
[White "outpost"]
[Black "michaelxiao"]
[Result "1-0"]
[ICCResult "Black checkmated"]
[WhiteElo "1836"]
[BlackElo "1328"]
[Opening "QGD: exchange variation"]
[ECO "D35"]
[NIC "QO.16"]
[Time "16:02:19"]
[TimeControl "2700+10"]

1. d4 d5 2. c4 e6 3. Nc3 Nf6 4. cxd5 e5 5. dxe5 Ng4 6. Nf3 Bf5 7. h3 Nh6 8.
e4 Bd7 9. Bc4 Bc5 10. Bg5 Be7 11. Bxe7 Qxe7 12. d6 cxd6 13. Nd5 Qd8 14. exd6
Qa5+ 15. b4 Qd8 16. Nc7+ Kf8 17. Nxa8 Nc6 18. Nc7 Nxb4 19. Rb1 Nc6 20. e5
Bf5 21. Rxb7 Na5 22. Rb4 Nc6 23. Rb2 f6 24. e6 Ne5 25. e7+ Qxe7 26. Rb8+ Bc8
27. Rxc8+ Qe8 28. Rxe8# {Black checkmated} 1-0

[Event "ICC tourney 2029 (45 10)"]
[Site "Internet Chess Club"]
[Date "2020.10.03"]
[Round "3"]
[White "salamenceg"]
[Black "mancogu"]
[Result "0-1"]
[ICCResult "White resigns"]
[WhiteElo "1087"]
[BlackElo "1576"]
[Opening "Sicilian: Scheveningen (Paulsen), classical variation"]
[ECO "B84"]
[NIC "SI.23"]
[Time "16:02:08"]
[TimeControl "2700+10"]

1. e4 c5 2. Nf3 d6 3. d4 cxd4 4. Nxd4 Nf6 5. Nc3 a6 6. Be2 e6 7. Be3 Qc7 8.
Qd2 Be7 9. O-O-O Nc6 10. Nb3 b5 11. a3 Bb7 12. Rhg1 Rc8 13. g4 Ne5 14. h4
Nxe4 15. Nxe4 Bxe4 16. c3 Nc4 17. Qd4 Nxe3 18. fxe3 d5 19. Qxg7 Rf8 20. Bd3
Bxd3 21. Rxd3 Qc4 22. Kc2 Qe4 23. h5 Qf3 24. Rgd1 Bf6 25. Qxh7 Rh8 26. e4
Qxd3+ 27. Rxd3 Rxh7 28. Rg3 dxe4 29. g5 Be5 30. g6 Bxg3 31. gxh7 Ke7 32. Nd4
Rh8 33. Nc6+ {White resigns} 0-1

[Event "ICC tourney 2029 (45 10)"]
[Site "Internet Chess Club"]
[Date "2020.10.03"]
[Round "3"]
[White "hankmd"]
[Black "JACOBCHESS857"]
[Result "0-1"]
[ICCResult "White checkmated"]
[WhiteElo "1560"]
[BlackElo "1353"]
[Opening "QGD Slav defense: exchange variation"]
[ECO "D10"]
[NIC "SL.01"]
[Time "16:02:00"]
[TimeControl "2700+10"]

1. d4 d5 2. c4 c6 3. cxd5 cxd5 4. Bf4 Nc6 5. Nc3 a6 6. e3 e6 7. Nf3 Bd6 8.
Bg3 Nf6 9. Bd3 O-O 10. Rc1 Nb4 11. Bb1 Qe7 12. a3 Nc6 13. O-O Ng4 14. Qd3 f5
15. h3 Nf6 16. Ne5 Qc7 17. f4 Ne4 18. Bh2 Bd7 19. g4 Nxc3 20. Rxc3 Qd8 21.
Rf3 Nxe5 22. dxe5 Be7 23. gxf5 Rxf5 24. Qe2 Rf7 25. e4 Bb5 26. Qc2 d4 27.
Rc7 d3 28. Qd1 Qxc7 29. f5 Qc5+ 30. Kg2 Rd8 31. fxe6 Rxf3 32. Qxf3 Rf8 33.
Qg3 d2 34. Qg4 Qf2+ 35. Kh1 Qf1+ 36. Bg1 d1=Q 37. Qg2 Qdf3 38. Qxf3 Qxf3+
39. Kh2 Bf1 40. h4 Qg2# {White checkmated} 0-1

[Event "ICC tourney 2029 (45 10)"]
[Site "Internet Chess Club"]
[Date "2020.10.03"]
[Round "3"]
[White "aauman"]
[Black "mopaska1106"]
[Result "0-1"]
[ICCResult "White resigns"]
[WhiteElo "1549"]
[BlackElo "1964"]
[Opening "Réti v Dutch"]
[ECO "A04"]
[NIC "QP.11"]
[Time "16:02:18"]
[TimeControl "2700+10"]

1. Nf3 f5 2. b4 Nf6 3. Bb2 g6 4. g3 Bg7 5. Bg2 O-O 6. O-O d6 7. d3 e5 8. Ne1
Nc6 9. a3 g5 10. e3 Qe8 11. c4 Qg6 12. Nd2 Qh6 13. b5 Ne7 14. Rc1 Ng6 15. c5
f4 16. Qb3+ Kh8 17. cxd6 cxd6 18. d4 Bh3 19. dxe5 dxe5 20. exf4 gxf4 21.
Bxb7 fxg3 22. Qxg3 Qxd2 23. Bxa8 Bxf1 24. Kxf1 Qxb2 25. Rc2 Qxb5+
{White resigns}
0-1

[Event "ICC tourney 2029 (45 10)"]
[Site "Internet Chess Club"]
[Date "2020.10.03"]
[Round "3"]
[White "wulovechess"]
[Black "awakeflood"]
[Result "0-1"]
[ICCResult "White checkmated"]
[WhiteElo "1570"]
[BlackElo "1811"]
[Opening "French: advance, Paulsen attack"]
[ECO "C02"]
[NIC "FR.03"]
[Time "16:02:10"]
[TimeControl "2700+10"]

1. e4 e6 2. d4 d5 3. e5 c5 4. c3 Nc6 5. Nf3 Qb6 6. Be2 Nh6 7. O-O Nf5 8. Be3
cxd4 9. Nxd4 Nfxd4 10. Bxd4 Qxb2 11. Nd2 Nxd4 12. cxd4 Qxd4 13. Re1 Bd7 14.
Rc1 Bb4 15. Nb3 Qxd1 16. Rexd1 O-O 17. Rd4 Ba3 18. Rc3 Bb2 19. Rc7 Bxd4 20.
Rxd7 Bxe5 21. Rxb7 a5 22. Nc5 Rfb8 23. Rxb8+ Rxb8 24. Nd7 Rb1+ 25. Bf1 Bd4
26. Nb8 Rxb8 27. g3 Rb1 28. Kg2 Rxf1 29. Kxf1 Kf8 30. Ke2 Ke7 31. Kd3 e5 32.
Kc2 a4 33. f3 Kd6 34. h3 Kc5 35. Kd3 f5 36. a3 e4+ 37. Kd2 exf3 38. Ke1 Be3
39. Kf1 d4 40. g4 fxg4 41. h4 g3 42. h5 g2+ 43. Ke1 g1=Q# {White checkmated}
0-1

[Event "ICC tourney 2029 (45 10)"]
[Site "Internet Chess Club"]
[Date "2020.10.03"]
[Round "3"]
[White "joeandjoe56"]
[Black "castle2king"]
[Result "1-0"]
[ICCResult "Black resigns"]
[WhiteElo "1775"]
[BlackElo "1544"]
[Opening "Ruy Lopez: closed, Chigorin defense"]
[ECO "C97"]
[NIC "RL.23"]
[Time "16:02:10"]
[TimeControl "2700+10"]

1. e4 e5 2. Nf3 Nc6 3. Bb5 a6 4. Ba4 Nf6 5. O-O b5 6. Bb3 Be7 7. Re1 d6 8.
c3 O-O 9. h3 Na5 10. Bc2 c5 11. d4 Qc7 12. d5 c4 13. Nbd2 Nb7 14. Nf1 Nc5
15. Ng3 Re8 16. Nh4 Nfxe4 17. Nxe4 Bxh4 18. Nxc5 Qxc5 19. Be3 Qc7 20. Qh5
Bf6 21. Qxh7+ Kf8 22. Rad1 Bd7 23. f4 Rac8 24. fxe5 Rxe5 25. Bd4 Rxe1+ 26.
Rxe1 Bxd4+ 27. cxd4 Be6 28. dxe6 {Black resigns} 1-0

[Event "ICC tourney 2029 (45 10)"]
[Site "Internet Chess Club"]
[Date "2020.10.03"]
[Round "3"]
[White "odlepikachu"]
[Black "jairam09"]
[Result "1-0"]
[ICCResult "Black checkmated"]
[WhiteElo "1985"]
[BlackElo "1808"]
[Opening "Nimzo-Indian: Fischer variation"]
[ECO "E43"]
[NIC "NI.12"]
[Time "16:02:16"]
[TimeControl "2700+10"]

1. d4 Nf6 2. c4 e6 3. Nc3 Bb4 4. e3 b6 5. Bd3 Bb7 6. f3 d5 7. cxd5 exd5 8.
Ne2 O-O 9. O-O Re8 10. Ng3 Nbd7 11. a3 Bd6 12. Nf5 Bf8 13. Re1 g6 14. Ng3
Bg7 15. e4 Nb8 16. e5 Nfd7 17. f4 c5 18. Nb5 Bf8 19. Be3 a6 20. Nc3 cxd4 21.
Bxd4 Nc6 22. Bf2 d4 23. Nce4 Kg7 24. h4 Be7 25. h5 Nc5 26. hxg6 hxg6 27.
Nxc5 bxc5 28. f5 Bf8 29. fxg6 fxg6 30. Qg4 Ne7 31. Nh5+ Kh6 32. Nf6 Qc7 33.
Qh4+ Kg7 34. Qh7# {Black checkmated} 1-0

[Event "ICC tourney 2029 (45 10)"]
[Site "Internet Chess Club"]
[Date "2020.10.03"]
[Round "3"]
[White "goodcrowdchess"]
[Black "pianoboy"]
[Result "0-1"]
[ICCResult "White checkmated"]
[WhiteElo "1647"]
[BlackElo "1899"]
[Opening "Sicilian: dragon, Yugoslav attack, Rauser variation"]
[ECO "B76"]
[NIC "SI.17"]
[Time "16:02:35"]
[TimeControl "2700+10"]

1. e4 c5 2. Nf3 d6 3. d4 cxd4 4. Nxd4 Nf6 5. Nc3 g6 6. Be3 Bg7 7. f3 Nc6 8.
Qd2 O-O 9. O-O-O d5 10. Nxc6 bxc6 11. e5 Nd7 12. f4 Nb6 13. h4 h5 14. Be2
Bf5 15. Rdg1 Qc8 16. Bc5 Qe6 17. Qd1 Rfd8 18. b3 d4 19. Nb1 Bh6 20. Rf1 Qxe5
21. Ba3 Bxf4+ 22. Nd2 d3 23. cxd3 Bxd3 24. Bxd3 Rxd3 25. Rf2 Rad8 26. Bb2
Qc5+ 27. Kb1 Qxf2 28. Rf1 Qxd2 29. Qxd2 Bxd2 30. Kc2 Bh6 31. Ba3 Rd2+ 32.
Kb1 Rd1+ 33. Rxd1 Rxd1+ 34. Kc2 Rd2+ 35. Kb1 Rxg2 36. Bxe7 Kg7 37. a4 Nd5
38. Bc5 Nc3+ 39. Ka1 Ra2# {White checkmated} 0-1

[Event "ICC tourney 2029 (45 10)"]
[Site "Internet Chess Club"]
[Date "2020.10.03"]
[Round "3"]
[White "Heliosis"]
[Black "nnrs"]
[Result "0-1"]
[ICCResult "White resigns"]
[WhiteElo "1862"]
[BlackElo "1704"]
[Opening "Sicilian defense"]
[ECO "B40"]
[NIC "SI.43"]
[Time "16:02:33"]
[TimeControl "2700+10"]

1. e4 c5 2. Nf3 e6 3. b3 Nc6 4. Bb2 Nge7 5. d4 cxd4 6. Nxd4 a6 7. c4 Ng6 8.
Nc3 Bc5 9. Na4 Bb4+ 10. Bc3 Bxc3+ 11. Nxc3 O-O 12. Be2 Qf6 13. Ncb5 axb5 14.
Nxb5 Nf4 15. O-O Qg6 16. Bf3 Ne5 17. Kh1 Nxf3 18. Qxf3 e5 19. Rad1 Ra6 20.
g3 Ne6 21. Nd6 Nd4 {White resigns} 0-1

[Event "ICC tourney 2029 (45 10)"]
[Site "Internet Chess Club"]
[Date "2020.10.03"]
[Round "3"]
[White "HenriVZ"]
[Black "ivo20"]
[Result "1-0"]
[ICCResult "Black resigns"]
[WhiteElo "1703"]
[BlackElo "1341"]
[Opening "Sicilian: Katalimov variation"]
[ECO "B27"]
[NIC "SI.43"]
[Time "16:02:17"]
[TimeControl "2700+10"]

1. e4 c5 2. Nf3 b6 3. d4 e6 4. Nc3 Ba6 5. Bxa6 Nxa6 6. O-O Be7 7. d5 h6 8.
Nb5 Nc7 9. Na3 Bf6 10. Nc4 b5 11. Nd6+ Kf8 12. e5 Be7 13. Nb7 Qb8 14. d6
Qxb7 15. dxe7+ Kxe7 16. Qd6+ Ke8 17. Qxc5 Rc8 18. Qd4 Nd5 19. c3 Nge7 20.
Re1 Rc4 21. Qd1 Rg4 22. h3 Rc4 23. Nd2 Rh4 24. Ne4 Kf8 25. g3 Rxh3 26. Kg2
Nxc3 27. bxc3 f5 28. exf6 gxf6 29. Kxh3 h5 30. Nxf6 h4 31. Nxd7+ Kf7 32.
Qf3+ Nf5 33. Qxb7 {Black resigns} 1-0